 Dungeon Crawl Stone Soup version 0.29.1-1-gd02db6906a (webtiles) character file.

Game seed: 14112808732118393883

161 ImASeal the Cudgeller (level 5, -15/52 HPs)
             Began as a Troll Fighter on Oct 18, 2022.
             Was an Initiate of Nemelex Xobeh.
             Demolished by an ogre
             ... wielding a +0 giant spiked club
              (25 damage)
             ... on level 4 of the Dungeon.
             The game lasted 00:08:14 (2342 turns).

ImASeal the Cudgeller (Troll Fighter)               Turns: 2342, Time: 00:08:14

Health: -15/52     AC:  4    Str: 26    XL:     5   Next: 18%
Magic:  5/5        EV:  8    Int:  4    God:    Nemelex Xobeh [......]
Gold:   114        SH:  7    Dex:  9    Spells: 4/5 levels left

rFire   . . .      SeeInvis .   a - +0 flail
rCold   . . .      Faith    .   c - +0 kite shield
rNeg    . . .      Spirit   .   b - +0 robe
rPois   .          Reflect  .   (helmet restricted)
rElec   .          Harm     .   (no cloak)
rCorr   .          Rampage  .   (gloves unavailable)
Will    .....                   (boots unavailable)
Stlth   +.........              u - amulet of the acrobat
HPRegen 0.97/turn               (no ring)
MPRegen 0.09/turn               (no ring)

@: no status effects
A: large, unfitting armour, claws 3, regeneration 1, shaggy fur 1, tough skin 1
a: Renounce Religion, Draw Escape, Draw Destruction, Draw Summoning


You were on level 4 of the Dungeon.
You worshipped Nemelex Xobeh.
Nemelex Xobeh was noncommittal.
You visited 1 branch of the dungeon, and saw 4 of its levels.

You collected 114 gold pieces.

Inventory:

Hand Weapons
 a - a +0 flail (weapon)
Missiles
 j - 6 stones (quivered)
 m - 5 poisoned darts
Armour
 b - a +0 robe (worn)
 c - a +0 kite shield (worn)
Jewellery
 u - an amulet of the acrobat (around neck)
Wands
 p - a wand of roots (5)
 x - a wand of paralysis (9)
Scrolls
 e - a scroll of vulnerability {unknown}
 g - a scroll of teleportation {unknown}
 i - a scroll of torment {unknown}
 k - 6 scrolls of identify {unknown}
 l - a scroll of fog {unknown}
 o - a scroll of silence {unknown}
 t - a scroll of enchant armour {unknown}
 y - a scroll of summoning {unknown}
Potions
 d - a potion of might
 f - 2 potions of curing {unknown}
 h - a potion of mutation {unknown}
 n - a potion of resistance
 q - 2 potions of heal wounds {unknown}
 r - a potion of degeneration {unknown}
 s - a potion of lignification {unknown}
 v - 2 potions of attraction {unknown}
 w - a potion of cancellation {unknown}


   Skills:
 + Level 2.8 Fighting
 * Level 3.3 Maces & Flails
 + Level 3.0 Dodging
 + Level 3.2 Shields
 + Level 0.7 Spellcasting
 + Level 0.6 Earth Magic


You had 4 spell levels left.
You knew the following spells:

 Your Spells              Type           Power      Damage    Failure   Level
a - Sandblast             Erth           0%         2d4       69%         1

Your spell library contained the following spells:

 Spells                   Type           Power      Damage    Failure   Level
 Magic Dart               Conj           0%         1d3       77%         1
 Passwall                 Tmut/Erth      0%         N/A       86%         2
 Call Imp                 Summ           0%         N/A       88%         2
 Ensorcelled Hibernation  Hex/Ice        0%         N/A       88%         2
 Stone Arrow              Conj/Erth      0%         3d7       97%         3
 Gell's Gravitas          Tloc           0%         N/A       98%         3
 Lesser Beckoning         Tloc           0%         N/A       98%         3
 Mephitic Cloud           Conj/Pois/Air  0%         N/A       98%         3
 Spider Form              Tmut/Pois      0%         N/A       98%         3
 Teleport Other           Tloc           0%         N/A       98%         3
 Anguish                  Hex/Necr       0%         N/A       100%        4


Dungeon Overview and Level Annotations

Branches:
Dungeon (4/15)
 Temple: D:4-7

Altars:
Nemelex Xobeh

Annotations:
D:3 1 runed translucent door, H0rd4k's ghost, amateur OpTm


Innate Abilities, Weirdness & Mutations

You are too large for most types of armour.
You have claws for hands.
Your natural rate of healing is unusually fast.
You are covered in fur. (AC +1)
You have tough skin. (AC +1)


Message History

You closely miss the orc. The orc hits you but does no damage.
The orc hits you with a +0 hand axe.
You barely miss the orc. The orc completely misses you.
You hit the orc.
The orc is almost dead.
The orc misses you.
You sock the orc!
You kill the orc!
The endoplasm jiggles.
The endoplasm barely misses you.
You hit the endoplasm.
You kill the endoplasm!
The ogre hits you with a +0 giant spiked club!!
Ouch! That really hurt!
You are too injured to fight recklessly!
You completely miss the ogre. You hit the ogre.
The ogre is lightly wounded.
The ogre closely misses you.
You hit the ogre but do no damage.
The ogre is lightly wounded.
The ogre barely misses you.
You hit the ogre.
The ogre is moderately wounded.
The ogre hits you with a +0 giant spiked club.
You barely miss the ogre.
The ogre is moderately wounded.
The ogre hits you with a +0 giant spiked club.
You sock the ogre!
The ogre is severely wounded.
You block the ogre's attack.
You hit the ogre.
The ogre is severely wounded.
The ogre hits you with a +0 giant spiked club!
* * * LOW HITPOINT WARNING * * *
You hit the ogre.
The ogre is almost dead.
The ogre hits you with a +0 giant spiked club!!
You die...
Your body disappears without a glow.

#....#.......... .
##............... #.
###...........#..... #..
#.............##....
#..##............#.....
#......................
....#................ .
##O#..J......... ..##.
#@####J....#### ...#. #.#
#.....# .....###
##.####.....#
#.....###..#.#......#
#.....##.........##.#
#...........##.###.#
#..............#.#.#
#.#...###..........######
###.## ##..##............


You could see an ogre.

Vanquished Creatures
  A hound (D:4)
  A gnoll (D:4)
  4 adders
  5 worms
  2 dart slugs (D:1)
  2 orcs
  5 ball pythons
  5 endoplasms
  4 giant cockroaches
  5 goblins
  6 hobgoblins
  7 jackals
  A kobold (D:3)
  3 quokkas
  3 bats
  5 frilled lizards
  4 rats (D:1)
63 creatures vanquished.

Notes
Turn   | Place    | Note
-------+----------+-------------------------------------------
     0 | D:1      | ImASeal the Troll Fighter began the quest for the Orb.
     0 | D:1      | Reached XP level 1. HP: 22/22 MP: 0/0
    89 | D:1      | Reached XP level 2. HP: 25/29 MP: 1/1
   257 | D:1      | Learned a level 1 spell: Sandblast
   276 | D:1      | Found a faded altar of an unknown god.
   312 | D:1      | Reached XP level 3. HP: 35/36 MP: 2/2
   772 | D:2      | HP: 1/36 [poisoned by an adder]
   777 | D:2      | HP: 1/36 [poisoned by an adder]
   905 | D:2      | Reached XP level 4. HP: 36/44 MP: 3/3
  1409 | D:3      | HP: 2/44 [poisoned by an adder]
  1414 | D:3      | HP: 2/44 [poisoned by an adder]
  1624 | D:3      | Found a sparkling altar of Nemelex Xobeh.
  1833 | D:3      | Found a runed translucent door.
  1836 | D:3      | Noticed H0rd4k's ghost (amateur OpTm)
  2120 | D:3      | Became a worshipper of Nemelex Xobeh the Trickster
  2273 | D:4      | Noticed an ogre
  2328 | D:4      | Reached XP level 5. HP: 45/52 MP: 5/5
  2342 | D:4      | Demolished by an ogre

Illustrated notes

Levels and vault maps discovered:
D:1:      saegor_arrival_simple_d, layout_rooms, ebering_ecumenical_altar_ruins
D:2:      layout_rooms
D:3:      layout_loops_ring, nemelex_diamond_rough_becter,
          ebering_ghost_reflecting_pool
D:4:      dreamdust_elfheim, layout_cave_pools, mainiacjoe_overflow_two_lobes,
          columned_hall_lemuel

Skill      XL: |  1  2  3  4 |
---------------+-------------+-----
Maces & Flails | 2 3 |  3.3
Shields        | 3 |  3.2
Dodging        | 3 |  3.0
Fighting       | |  2.8
Spellcasting   | |  0.7
Earth Magic    | |  0.6

Action                   |  1- 3 |  4- 6 || total
-------------------------+-------+-------++-------
Melee: Flail             |   123 |    99 ||   222
Throw: Stone             |       |     6 ||     6
 Cast: Sandblast         |     6 |     3 ||     9
  Use: Potion            |     1 |       ||     1
 Stab: Sleeping          |       |     1 ||     1
Armor: Robe              |    54 |    32 ||    86
Dodge: Dodged            |    73 |    73 ||   146
Block: Kite shield       |    56 |    49 ||   105
